 Dungeon Crawl Stone Soup version 0.31-a0-1522-g43313d8a59 (webtiles) character file.

Game seed: 14445405367404731591

68 voltaire321 the Sneak (level 4, -2/25 HPs)
             Began as a Kobold Enchanter on Dec 31, 2023.
             Killed from afar by an orc wizard (6 damage)
             ... with a magic dart
             ... on level 3 of the Dungeon.
             The game lasted 00:05:41 (2266 turns).

voltaire321 the Sneak (Kobold Enchanter)            Turns: 2266, Time: 00:05:41

Health: -2/25      AC:  3    Str:  7    XL:     4   Next: 41%
Magic:  1/7        EV: 14    Int: 16    God:
Gold:   170        SH:  0    Dex: 15    Spells: 6/8 levels left

rFire   . . .        a - +1 dagger
rCold   . . .        (no shield)
rNeg    . . .        g - +0 leather armour
rPois   .            (no helmet)
rElec   .            (no cloak)
rCorr   .            (no gloves)
SInv    .            (no boots)
Will    .....        (no amulet)
Stlth   +++          (no ring)
HPRegen 0.24/turn    (no ring)
MPRegen 0.10/turn

%: no passive effects
@: invisible
A: small, no large weapons, nightstalker 3
a: no special abilities


You were on level 3 of the Dungeon.
You visited 1 branch of the dungeon, and saw 3 of its levels.

You collected 170 gold pieces.

Inventory:

Hand Weapons
 a - a +1 dagger (weapon)
Missiles
 k - 5 poisoned darts
Armour
 g - a +0 leather armour (worn)
Scrolls
 d - 7 scrolls of identify
 h - a scroll of poison {unknown}
 i - 2 scrolls of noise {unknown}
 j - a scroll of blinking {unknown}
Potions
 b - a potion of resistance
 c - 2 potions of invisibility
 e - a potion of mutation {unknown}
 f - a potion of haste


   Skills:
 + Level 1.2 Fighting
 + Level 2.3 Short Blades
 + Level 0.7 Armour
 + Level 2.9 Dodging
 + Level 4.3 Stealth
 + Level 2.5 Spellcasting
 + Level 3.3 Hexes
 + Level 0.9 Ice Magic


You had 6 spell levels left.
You knew the following spells:

 Your Spells              Type           Power      Damage    Failure   Level
a - Ensorcelled Hibernat  Hex/Ice        16%        N/A       19%         2

Your spell library contained the following spells:

 Spells                   Type           Power      Damage    Failure   Level
 Confusing Touch          Hex            12%        N/A       22%         3
 Tukima's Dance           Hex            12%        N/A       22%         3
 Shock                    Conj/Air       8%         1d3       28%         1
 Dazzling Flash           Conj/Hex       14%        N/A       41%         3
 Gell's Gravitas          Tloc           2%         N/A       65%         3
 Swiftness                Air            2%         N/A       65%         3
 Teleport Other           Tloc           2%         N/A       65%         3
 Airstrike                Air            1%         2d(1-17)  96%         4
 Dispersal                Tloc           1%         N/A       100%        6


Dungeon Overview and Level Annotations

Branches:
Dungeon (3/15)

Altars:


Innate Abilities, Weirdness & Mutations

You are small and have problems with some larger weapons.
You are completely attuned to the shadows.


Message History

Aim: an orc wizard, wielding a +0 dagger and wearing a +0 robe (chance to affect: 41%)
The orc wizard resists with some effort.
The orc wizard hits you with a +0 dagger.
You don't have enough magic to cast this spell.
Unknown command.
You hit the orc wizard but do no damage.
The orc wizard closely misses you.
You barely miss the orc wizard. The orc wizard closely misses you.
You hit the orc wizard.
The orc wizard is lightly wounded.
The orc wizard points at you and mumbles some strange words.
You are confused.
You closely miss the orc wizard.
The orc wizard is lightly wounded.
The orc wizard closely misses you.
You bump into the rock wall.
The orc wizard hits you but does no damage.
You're too confused to move!
The orc wizard closely misses you.
The orc wizard attacks as it pursues you!
The orc wizard hits you with a +0 dagger.
Your magical contamination has completely faded away.
You bump into the rock wall.
The orc wizard barely misses you.
You barely miss the orc wizard.
The orc wizard is lightly wounded.
You bump into the rock wall.
You feel less confused. The orc wizard misses you.
Aiming: Ensorcelled Hibernation (safe; 19% risk of failure)
Press: ? - help, Q - select action, (/) - cycle Shift-Dir - straight line, f/p - orc wizard
Aim: an orc wizard, wielding a +0 dagger and wearing a +0 robe (lightly wounded, chance to affect: 41%)
The orc wizard resists with some effort.
The orc wizard gestures at you while chanting.
The puff of flame hits you.
* * * LOW HITPOINT WARNING * * *
You fade into invisibility!
The orc wizard hits you with a +0 dagger.
* * * LOW HITPOINT WARNING * * *
The orc wizard gestures at something while chanting.
The magic dart hits you.
You die...

#.# #.# #......#... #.#
#.# ##.##.##..# #.# #.#
#......#.#. #.#
##.####.####.#.## #.#
#.o(.##....†.#.## #.#
#..#.###.##.##... #.#
#..#.##......####
#.########..#.####..###...
#...<....@..#.##......####
###########.#.###.##.#####
#.#.............
#.##.#.#.#######
#.#.............
#.#..#.#.#######
#.#......# ###
#.#.##.######### ##.##
#.#.##..........


You could see an orc wizard (unable to see you).

Vanquished Creatures
  An adder (D:2)
  A ribbon worm (D:3)
  8 orcs (D:3)
  4 endoplasms (D:1)
  2 giant cockroaches
  4 goblins
  2 hobgoblins (D:1)
  3 jackals (D:1)
  4 kobolds
  2 quokkas (D:1)
  2 ball pythons (D:1)
  5 bats
  3 frilled lizards (D:3)
  5 rats
46 creatures vanquished.

Notes
Turn   | Place    | Note
-------+----------+-------------------------------------------
     0 | D:1      | voltaire321 the Kobold Enchanter began the quest for the
                  | Orb.
     0 | D:1      | Reached XP level 1. HP: 10/10 MP: 3/3
   138 | D:1      | Reached XP level 2. HP: 15/15 MP: 5/5
   193 | D:1      | Learned a level 2 spell: Ensorcelled Hibernation
   339 | D:1      | Reached XP level 3. HP: 19/20 MP: 6/6
  1596 | D:3      | Reached skill level 1 in Fighting
  1614 | D:3      | Reached XP level 4. HP: 25/25 MP: 1/7
  2266 | D:3      | Killed from afar by an orc wizard

Illustrated notes

Levels and vault maps discovered:
D:1:      spicycebolla_green_bress_n_ham, layout_loops_cross
D:2:      layout_loops_cross
D:3:      layout_loops_ring, mainiacjoe_overflow_concentric_impassable,
          minmay_misc_feat_alley

Skill      XL: |  1  2  3 |
---------------+----------+-----
Short Blades   | 2 |  2.3
Fighting       | 1 |  1.2
Armour         | |  0.7
Dodging        | |  2.9
Stealth        | |  4.3
Spellcasting   | |  2.5
Hexes          | |  3.3
Ice Magic      | |  0.9

Action                     |  1- 3 |  4- 6 || total
---------------------------+-------+-------++-------
  Melee: Dagger            |    82 |    53 ||   135
         Punch             |     1 |       ||     1
   Cast: Ensorcelled Hiber |     8 |     4 ||    12
    Use: Scroll            |     3 |       ||     3
         Potion            |       |     1 ||     1
   Stab: Sleeping          |    16 |     3 ||    19
 Armour: Robe              |     4 |       ||     4
         Leather armour    |    17 |    23 ||    40
  Dodge: Dodged            |    55 |    36 ||    91

Table legend: (Time is in decaauts)
 A = Elapsed time spent in this place.
 B = Non-inter-level travel time spent in this place.
 C = Inter-level travel time spent in this place.
 D = Time resting spent in this place.
 E = Time spent auto-exploring this place.
 F = Levels seen in this place.
 G = Mean time per level.
                   A        B        C        D        E       F      G
               +--------+--------+--------+--------+--------+-----+--------+
         Total |   2251 |   2222 |     29 |    272 |   1539 |   3 |  750.3 |
       Dungeon |   2251 |   2222 |     29 |    272 |   1539 |   3 |  750.3 |
               +--------+--------+--------+--------+--------+-----+--------+

Top non-repeatable levels by time:
     D:2: 836 daAuts
     D:1: 733 daAuts
     D:3: 681 daAuts
